 Dungeon Crawl Stone Soup version 0.31-a0-1005-gfbdfbac (webtiles) character file.

Game seed: 8161388818454272388

226 Partyfoot the Shield-Bearer (level 6, -3/49 HPs)
             Began as a Formicid Fighter on Nov 11, 2023.
             Was an Initiate of Makhleb.
             Slain by Grinder (5 damage)
             ... on level 3 of the Dungeon.
             The game lasted 00:04:31 (1564 turns).

Partyfoot the Shield-Bearer (Formicid Fighter)      Turns: 1564, Time: 00:04:31

Health: -3/49      AC:  8    Str: 20    XL:     6   Next: 22%
Magic:  7/7        EV:  9    Int:  8    God:    Makhleb [......]
Gold:   83         SH:  5    Dex: 15    Spells: 5/5 levels left

rFire   + . .        a - +0 long sword
rCold   . . .        c - +0 buckler
rNeg    . . .        b - +0 scale mail
rPois   .            (helmet unavailable)
rElec   .            i - +0 cloak
rCorr   .            (no gloves)
SInv    +            (no boots)
Will    .....        (no amulet) Stlth
                     m - ring of protection from fire
HPRegen 0.28/turn    (no ring)
MPRegen 0.10/turn

%: no passive effects
@: no status effects
A: permanent stasis, dig shafts and tunnels, antennae 3, four strong arms
a: Dig, Shaft Self, Renounce Religion


You were on level 3 of the Dungeon.
You worshipped Makhleb.
Makhleb was noncommittal.
You visited 1 branch of the dungeon, and saw 3 of its levels.

You collected 83 gold pieces.

Inventory:

Hand Weapons
 a - a +0 long sword (weapon)
 o - a +0 sling
Armour
 b - a +0 scale mail (worn)
 c - a +0 buckler (worn)
 i - a +0 cloak (worn)
Jewellery
 m - a ring of protection from fire (left hand)
Scrolls
 e - a scroll of enchant armour {unknown}
 f - a scroll of teleportation {unknown}
 j - a scroll of revelation {unknown}
 k - a scroll of poison {unknown}
 l - a scroll of identify {unknown}
 n - 2 scrolls of enchant weapon {unknown}
Potions
 d - 2 potions of might
 g - 2 potions of attraction {unknown}
 h - a potion of ambrosia {unknown}
 p - a potion of heal wounds {unknown}
 q - a potion of enlightenment {unknown}


   Skills:
 + Level 4.6 Fighting
 + Level 3.5 Long Blades
 - Level 3.2 Armour
 + Level 5.6 Shields
 + Level 2.6 Invocations


You had 5 spell levels left.
You didn't know any spells.
Your spell library contained the following spells:

 Spells                   Type           Power      Damage    Failure   Level
 Freeze                   Ice            0%         1d3       83%         1
 Frozen Ramparts          Ice            0%         1d1       99%         3
 Hailstorm                Conj/Ice       0%         3d3       99%         3


Dungeon Overview and Level Annotations

Branches:
Dungeon (3/15)

Altars:
Makhleb

Annotations:
D:3 Grinder, Terence


Innate Abilities, Weirdness & Mutations

You cannot be hasted, slowed, berserked, paralysed or teleported.
You can dig through walls and to a lower floor.
You have a pair of large antennae on your head. (SInv)
Your four strong arms can wield two-handed weapons with a shield.


Message History

* * * LOW HITPOINT WARNING * * *
The orc closely misses you.
Terence zaps a wand.
The puff of flame hits you. You resist.
* * * LOW HITPOINT WARNING * * *
Grinder blinks!
You are too injured to fight recklessly!
You are too injured to fight recklessly!
You are too injured to fight recklessly!
You are too injured to fight recklessly!
You are too injured to fight recklessly!
You are too injured to fight recklessly!
You slash the orc!
You kill the orc!
Makhleb accepts your kill. The dart slug launches a dart at you.
You block the slug dart. The orc hits you with a +0 flail.
* * * LOW HITPOINT WARNING * * *
The endoplasm barely misses you. Terence barely misses you.
You closely miss the orc. You block the orc's attack.
The endoplasm hits you but does no damage.
Grinder grins, showing sharp teeth.
Terence barely misses you.
You hit the orc.
The orc is severely wounded.
The orc hits you but does no damage. Grinder gestures at you.
Your stasis prevents you from being paralysed.
Terence zaps a wand.
The puff of flame hits you but does no damage.
The endoplasm barely misses you. The endoplasm closely misses you.
The orc closely misses you.
Terence zaps a wand.
The puff of flame hits you but does no damage.
You resist.
You slash Grinder!
Grinder is moderately wounded.
Grinder hits you.
* * * LOW HITPOINT WARNING * * *
You writhe in agony.
You die...
Grinder says, "Now the real fun starts!"

..........#
..........
.≈≈≈......
.≈=≈.....#
.≈≈≈.....### {
...........,
#...@owJ#######
#....)@<.......
#####)5.....###
#.......#
......!...#
#..........#
#..........#
#.......(.?#
#.....######


You could see Grinder, Terence, a dart slug, an orc and an endoplasm.

Vanquished Creatures
  Sigmund (D:2)
  2 adders (D:2)
  2 dart slugs (D:1)
  3 orcs (D:3)
  2 ball pythons
  4 bats
  2 endoplasms
  A giant cockroach (D:1)
  4 hobgoblins
  7 kobolds
  4 quokkas
  A frilled lizard (D:1)
  3 goblins
  6 rats
42 creatures vanquished.

Notes
Turn   | Place    | Note
-------+----------+-------------------------------------------
     0 | D:1      | Partyfoot the Formicid Fighter began the quest for the Orb.
     0 | D:1      | Reached XP level 1. HP: 18/18 MP: 1/1
    44 | D:1      | Reached XP level 2. HP: 15/24 MP: 2/2
   203 | D:1      | Found a faded altar of an unknown god.
   347 | D:1      | Reached XP level 3. HP: 30/30 MP: 3/3
   802 | D:2      | Found a burning altar of Makhleb.
   814 | D:2      | Became a worshipper of Makhleb the Destroyer
  1180 | D:2      | Reached XP level 4. HP: 37/37 MP: 4/4
  1226 | D:2      | Reached skill level 1 in Invocations
  1272 | D:2      | Noticed Sigmund
  1291 | D:2      | Killed Sigmund
  1292 | D:2      | Reached skill level 5 in Shields
  1292 | D:2      | Reached XP level 5. HP: 26/43 MP: 4/6
  1292 | D:2      | Reached XP level 6. HP: 29/49 MP: 4/7
  1551 | D:3      | Noticed Terence
  1553 | D:3      | Noticed Grinder
  1564 | D:3      | HP: 2/49 [Grinder (6)]
  1564 | D:3      | Slain by Grinder

Illustrated notes

Levels and vault maps discovered:
D:1:      onia_arrival_pyramid, layout_loops_ring,
          hellmonk_ecumenical_altar_heavens_door,
          chequers_serial_rivers_micro_c, minivault_26
D:2:      layout_loops_ring, basic_altar, uniq_sigmund
D:3:      layout_basic, okawaru_altar_gauntlet_db, serial_shops, shop,
          corexii_item_surrounded_by_moat, uniq_jessica, uniq_terence,
          uniq_ijyb, uniq_grinder

Skill      XL: |  1  2  3  4 |
---------------+-------------+-----
Fighting       | 4 |  4.6
Invocations    | 2 |  2.6
Long Blades    | 3 |  3.5
Shields        | 5 |  5.6
Armour         | |  3.2

Action                     |  1- 3 |  4- 6 || total
---------------------------+-------+-------++-------
  Melee: Long sword        |   106 |    44 ||   150
 Armour: Scale mail        |    81 |    38 ||   119
  Dodge: Dodged            |    54 |    25 ||    79
  Block: Buckler           |    32 |    19 ||    51

Table legend: (Time is in decaauts)
 A = Elapsed time spent in this place.
 B = Non-inter-level travel time spent in this place.
 C = Inter-level travel time spent in this place.
 D = Time resting spent in this place.
 E = Time spent auto-exploring this place.
 F = Levels seen in this place.
 G = Mean time per level.
                   A        B        C        D        E       F      G
               +--------+--------+--------+--------+--------+-----+--------+
         Total |   1608 |   1557 |     51 |     86 |   1099 |   3 |  536.0 |
       Dungeon |   1608 |   1557 |     51 |     86 |   1099 |   3 |  536.0 |
               +--------+--------+--------+--------+--------+-----+--------+

Top non-repeatable levels by time:
     D:2: 868 daAuts
     D:1: 723 daAuts
     D:3: 16 daAuts
